 Dungeon Crawl Stone Soup version 0.25-a0-589-g1e14c549ee (webtiles) character file.

Game seed: 12724402364256299212, levelgen mode: deterministic

15019 ReteAZ the Grappler (level 12, 0/88 HPs)
             Began as a Human Gladiator on Mar 9, 2020.
             Was a High Priest of Makhleb.
             Killed by vampiric draining
             ... invoked by a vampire
              (11 damage)
             ... on level 11 of the Dungeon.
             The game lasted 00:22:43 (12086 turns).

ReteAZ the Grappler (Human Gladiator)              Turns: 12086, Time: 00:22:43

Health: 0/88       AC: 18    Str: 17    XL:     12   Next: 52%
Magic:  18/18      EV: 10    Int: 10    God:    Makhleb [*****.]
Gold:   99         SH:  7    Dex: 16    Spells: 11/11 levels left

rFire    + . .     SeeInvis .     - Unarmed
rCold    . . .     Gourm    +   K - +2 buckler
rNeg     . . .     Faith    .   i - +3 chain mail
rPois    .         Spirit   .   b - +0 helmet
rElec    .         Reflect  .   L - +2 cloak {MR+}
rCorr    .         Harm     .   (no gloves)
MR       ++...                  l - +0 pair of boots
Stlth    ..........             H - amulet "Vommoib" {Gourm MR+}
HPRegen  0.24/turn              n - ring of protection from fire
MPRegen  0.16/turn              w - ring of attention (curse)

@: no status effects
A: no striking features
a: Minor Destruction, Lesser Servant of Makhleb, Major Destruction, Greater
Servant of Makhleb, Renounce Religion


You were on level 11 of the Dungeon.
You worshipped Makhleb.
Makhleb was extremely pleased with you.
You were completely stuffed.

You visited 1 branch of the dungeon, and saw 11 of its levels.

You collected 533 gold pieces.
You spent 434 gold pieces at shops.

Inventory:

Missiles
 c - a throwing net (quivered)
 t - 298 stones
 I - 2 boomerangs
Armour
 b - a +0 helmet (worn)
 i - a +3 chain mail (worn)
 l - a +0 pair of boots (worn)
 E - a +0 tower shield
 K - a +2 buckler (worn)
 L - a +2 cloak of magic resistance (worn)
Jewellery
 n - a ring of protection from fire (left hand)
 w - a cursed ring of attention (right hand)
 B - an uncursed amulet of magic regeneration
 H - the amulet "Vommoib" (around neck) {Gourm MR+}
   (You found it on level 8 of the Dungeon)

   [amulet of the gourmand]

   It allows you to eat raw meat even when not hungry.
   It affects your resistance to hostile enchantments.
Wands
 y - a wand of polymorph (5)
 M - a wand of flame (16)
Scrolls
 a - a scroll of enchant armour {unknown}
 e - 14 scrolls of identify
 h - 9 scrolls of teleportation
 m - 2 scrolls of brand weapon {unknown}
 p - a scroll of blinking
 r - 4 scrolls of fear {unknown}
 v - 2 scrolls of fog {unknown}
 x - a scroll of magic mapping
 C - 3 scrolls of remove curse
 G - 3 scrolls of enchant weapon {unknown}
 J - 2 scrolls of amnesia {unknown}
Potions
 f - 4 potions of might
 g - 3 potions of resistance
 j - a potion of haste {unknown}
 k - a potion of heal wounds {unknown}
 o - 2 potions of mutation {unknown}
 q - 3 potions of curing
 u - 2 potions of stabbing {unknown}
 z - a potion of invisibility {unknown}
 A - a potion of brilliance {unknown}
 D - a potion of degeneration {unknown}
 F - a potion of ambrosia {unknown}
Comestibles
 d - 22 rations
 s - 5 chunks of flesh


   Skills:
 + Level 6.0 Fighting
 - Level 2.0 Throwing
 - Level 5.0 Armour
 + Level 5.9 Dodging
 + Level 5.3 Shields
 + Level 14.3 Unarmed Combat
 - Level 8.0 Invocations


You had 11 spell levels left.
You didn't know any spells.
Your spell library contained the following spells:

 Spells                   Type           Power        Failure   Level  Hunger
 Corpse Rot               Necr/Air       N/A          100%        2    ###....
 Stone Arrow              Conj/Erth      #.....       100%        3    ####...
 Summon Forest            Summ/Tloc      #.........   100%        5    ######.
 Eringya's Noxious Bog    Tmut/Pois      #.........   100%        6    #######
 Hydra Form               Tmut           #.........   100%        6    #######
 Summon Hydra             Summ           #.........   100%        7    #######


Dungeon Overview and Level Annotations

Branches:
Dungeon (11/15)            Temple (0/1) D:4            Lair (0/6) D:11
    Orc (0/2) D:9

Altars:
Cheibriados
Dithmenos
Elyvilon
Fedhas
Hepliaklqana
Makhleb
Qazlal
Ru
Uskayaw
Wu Jian
Xom
Zin
The Shining One

Shops:
D:5 }   D:9 [   D:10 :

Annotations:
D:4 2 transporters, Burgietje's ghost, novice MiFi


Message History

You hit something. You closely miss something.
Something hits you but does no damage. You block something's attack.
You miss something. Something hits you but does no damage.
You block something's attack.
You closely miss something. You completely miss something.
Something hits you but does no damage. Something bites you but does no damage.
You punch something!
Unholy energy fills the air.
You punch something!
Unholy energy fills the air.
* * * LOW HITPOINT WARNING * * *
You punch something!
Your chain mail prevents you from hitting something.
You block something's attack. Something bites you.
* * * LOW HITPOINT WARNING * * *
Something draws strength from your injuries!
You closely miss something.
Unholy energy fills the air.
* * * LOW HITPOINT WARNING * * *
You hit something but do no damage.
Unholy energy fills the air.
You die...

........#.......PP
........# .....P.P
........# #..PPP.
#######.# #.P.PP. '##
#.# #..P.P. .... #.#
#...... ..... #.#
#P.PP..
......#######.####......
.....Z{@............P..P
......###########..P.P..
..... ##....P. ...!
#..P..P ... ##.PP.. ..
#....P . ##.P.. #....
###..


You could see a centaur warrior skeleton.

Vanquished Creatures
  Gastronok (D:10)
  2 centaur warriors
  2 two-headed ogres
  Pikel (D:9)
  A queen bee (D:10)
  4 hippogriffs
  A wraith (D:10)
  A wyvern (D:10)
  A shadow (D:11)
  3 fire bats (D:10)
  7 yaks
  3 hungry ghosts
  A steam dragon (D:8)
  4 porcupines
  Duvessa (D:7)
  An ice beast (D:9)
  A hell hound (D:10)
  A phantom (D:11)
  3 black bears
  7 ogres
  A crocodile (D:11)
  4 centaurs
  A big kobold (D:7)
  12 bullfrogs
  Dowan (D:7)
  2 troll zombies (D:9)
  A scorpion (D:9)
  A water moccasin skeleton (D:8)
  33 killer bees
  5 wights (D:11)
  A howler monkey (D:9)
  An electric eel (D:8)
  3 crimson imps
  A bullfrog zombie (D:7)
  2 jellies (D:9)
  A quasit (D:10)
  7 hounds
  7 orc priests
  2 iguanas
  4 orc wizards
  2 bullfrog skeletons
  2 centaur skeletons
  Jessica (D:3)
  Natasha (twice) (D:3)
  6 worker ants
  6 ogre zombies (D:9)
  A hound zombie (D:9)
  A hound skeleton (D:4)
  A worker ant zombie (D:11)
  3 gnolls (D:8)
  17 adders
  A shadow imp (D:6)
  3 oozes
  2 adder zombies
  4 worms
  3 dart slugs
  6 leopard geckos
  38 orcs
  2 ball pythons (D:2)
  2 giant cockroaches
  7 goblins
  8 hobgoblins
  11 jackals
  7 quokkas
  8 bats
  7 frilled lizards
  3 goblin zombies (D:9)
  A hobgoblin skeleton (D:9)
  5 hobgoblin zombies (D:9)
  4 kobolds
  A leopard gecko skeleton (D:4)
  2 orc skeletons (D:9)
  12 orc zombies (D:9)
  4 rats
  A fire vortex (D:10)
  A fungus (D:11)
321 creatures vanquished.

Vanquished Creatures (collateral kills)
  An ugly thing (D:11)
  A fire bat (D:10)
  A porcupine (D:11)
3 creatures vanquished.

Vanquished Creatures (others)
  Psyche (D:11)
  2 slaves (D:9)
  An iguana (D:9)
  An orc (D:9)
  A goblin skeleton (D:9)
  An orc zombie (D:9)
  2 fire vortices (D:10)
  16 fungi (D:11)
  6 plants (D:11)
31 creatures vanquished.

Grand Total: 355 creatures vanquished

Notes
Turn   | Place    | Note
-------+----------+-------------------------------------------
     0 | D:1      | ReteAZ the Human Gladiator began the quest for the Orb.
     0 | D:1      | Reached XP level 1. HP: 16/16 MP: 1/1
   115 | D:1      | Reached XP level 2. HP: 21/22 MP: 2/2
   343 | D:1      | Reached XP level 3. HP: 12/28 MP: 3/3
  1007 | D:2      | Reached skill level 4 in Unarmed Combat
  1417 | D:2      | Reached XP level 4. HP: 32/34 MP: 4/4
  1735 | D:2      | Found a faded altar of an unknown god.
  2091 | D:2      | Found a sacrificial altar of Ru.
  2091 | D:2      | Found a snail-covered altar of Cheibriados.
  2092 | D:2      | Found a burning altar of Makhleb.
  2098 | D:2      | Became a worshipper of Makhleb the Destroyer
  2271 | D:2      | Reached XP level 5. HP: 38/41 MP: 5/5
  2493 | D:2      | Found a blossoming altar of Fedhas.
  2493 | D:2      | Found a faded altar of an unknown god.
  2498 | D:2      | Found a glowing silver altar of Zin.
  2500 | D:2      | Found a faded altar of an unknown god.
  2501 | D:2      | Found an ornate altar of the Wu Jian Council.
  2543 | D:3      | Noticed Jessica
  2560 | D:3      | Killed Jessica
  2560 | D:3      | Reached skill level 1 in Armour
  2653 | D:3      | Noticed Natasha
  2671 | D:3      | Killed Natasha
  2790 | D:3      | Noticed Natasha
  2810 | D:3      | Killed Natasha
  2810 | D:3      | Reached XP level 6. HP: 35/47 MP: 6/6
  3020 | D:3      | Reached skill level 5 in Unarmed Combat
  3116 | D:3      | Reached * piety under Makhleb
  3425 | D:4      | Found a hide-covered altar of Uskayaw.
  3446 | D:4      | Found a staircase to the Ecumenical Temple.
  3514 | D:4      | Found a transporter.
  3514 | D:4      | Found a transporter.
  3515 | D:4      | Noticed Burgietje's ghost (novice MiFi)
  3519 | D:4      | Identified the +8 great mace "Ybygh" {drain, *Slow rF++
                  | Int+3}
  3519 | D:4      | Noticed an ogre
  4272 | D:4      | Reached XP level 7. HP: 53/53 MP: 7/7
  4360 | D:5      | Entered Level 5 of the Dungeon
  4476 | D:5      | Reached ** piety under Makhleb
  4506 | D:5      | Found Burya's Gadget Shop.
  4654 | D:5      | Reached skill level 6 in Unarmed Combat
  4674 | D:5      | Found a hazy altar of Hepliaklqana.
  4734 | D:5      | Reached XP level 8. HP: 47/60 MP: 8/8
  5379 | D:6      | Reached skill level 5 in Dodging
  5379 | D:6      | Reached skill level 7 in Unarmed Combat
  5529 | D:6      | Found a shadowy altar of Dithmenos.
  5776 | D:6      | HP: 2/61 [porcupine's spines (6)]
  5779 | D:6      | Reached skill level 5 in Fighting
  6115 | D:7      | Reached XP level 9. HP: 60/68 MP: 9/9
  6122 | D:7      | Found a glowing golden altar of the Shining One.
  6166 | D:7      | Noticed Duvessa
  6166 | D:7      | Noticed Dowan
  6362 | D:7      | Reached skill level 8 in Unarmed Combat
  6595 | D:7      | Killed Duvessa
  6595 | D:7      | Reached skill level 5 in Armour
  6666 | D:7      | Killed Dowan
  6821 | D:7      | Reached *** piety under Makhleb
  7028 | D:7      | Reached skill level 9 in Unarmed Combat
  7339 | D:8      | Noticed a hippogriff
  7406 | D:8      | Noticed a two-headed ogre
  7542 | D:8      | Reached skill level 1 in Invocations
  7544 | D:8      | Got a flickering graven amulet
  7549 | D:8      | Identified the amulet "Vommoib" {Gourm MR+} (You found it
                  | on level 8 of the Dungeon)
  7602 | D:8      | Noticed a hippogriff
  7616 | D:8      | Killed a hippogriff
  7736 | D:8      | Killed a two-headed ogre
  7736 | D:8      | Reached skill level 10 in Unarmed Combat
  7736 | D:8      | Reached XP level 10. HP: 73/74 MP: 10/12
  7941 | D:8      | Reached skill level 11 in Unarmed Combat
  8097 | D:8      | Found a white marble altar of Elyvilon.
  8219 | D:8      | Found a stormy altar of Qazlal.
  8374 | D:9      | Found a staircase to the Orcish Mines.
  8410 | D:9      | Reached **** piety under Makhleb
  8466 | D:9      | Reached skill level 5 in Invocations
  8481 | D:9      | Noticed Pikel
  8496 | D:9      | Killed Pikel
  8698 | D:9      | Found a shimmering altar of Xom.
  8806 | D:9      | Reached skill level 12 in Unarmed Combat
  8810 | D:9      | Noticed a two-headed ogre
  8822 | D:9      | Killed a two-headed ogre
  8822 | D:9      | Reached XP level 11. HP: 22/79 MP: 15/15
  9303 | D:9      | Found Hiahih's Antique Armour Emporium.
  9310 | D:9      | Bought a runed buckler for 217 gold pieces
  9443 | D:10     | Entered Level 10 of the Dungeon
  9474 | D:10     | Reached skill level 1 in Shields
  9843 | D:10     | Noticed Gastronok
  9876 | D:10     | Killed Gastronok
  9876 | D:10     | Reached skill level 13 in Unarmed Combat
 10821 | D:10     | Noticed a centaur warrior
 10841 | D:10     | Killed a centaur warrior
 10841 | D:10     | Reached XP level 12. HP: 78/86 MP: 18/18
 10858 | D:10     | Reached ***** piety under Makhleb
 11129 | D:10     | Reached skill level 14 in Unarmed Combat
 11391 | D:10     | Found Banogeg's Book Emporium.
 11476 | D:9      | Bought a glowing cloak for 217 gold pieces
 11566 | D:11     | Noticed a centaur warrior
 11586 | D:11     | Killed a centaur warrior
 11836 | D:11     | Found a staircase to the Lair.
 11857 | D:11     | Reached skill level 5 in Shields
 11957 | D:11     | Noticed Psyche
 11996 | D:11     | Killed Psyche
 12086 | D:11     | Killed from afar by a vampire

Levels and vault maps discovered:
D:1:      elethiomel_arrival_maze, layout_basic, chequers_serial_rivers_small_3
D:2:      minmay_recursive_quarters, layout_basic,
          gammafunk_temple_overflow_claw, chequers_temple_overflow_minitemple,
          chequers_ecumenical_altar_simple, minmay_circle_x
D:3:      layout_basic, uniq_jessica, uniq_natasha
D:4:      cheibrodos_quashed, layout_gridville, overflow_temple_1_default,
          minmay_temple_entry_large_hall, gammafunk_ghost_smash
D:5:      layout_rooms, lemuel_coloured_pillars_altar, serial_shops,
          nicolae_shop_window_shopping, first_ration
D:6:      lemuel_ice_spiral_2, layout_basic, basic_altar
D:7:      layout_cave_pods, lemuel_doored_altar, uniq_duvessa
D:8:      cheibrodos_helix_gallery, layout_basic, lemuel_round_altar,
          nicolae_qazlal_general_emergency
D:9:      layout_irregular_city, xom_teletrap_fun, zombieorc2_lemuel,
          serial_shops, nicolae_shop_trees, uniq_pikel
D:10:     layout_basic, serial_shops, shop, david_nohive_1,
          hangedman_incinerator, uniq_gastronok
D:11:     layout_basic, due_lair_maze_entry_diamond, uniq_psyche

Skill      XL: |  1  2  3  4  5  6  7  8  9 10 11 12 |
---------------+-------------------------------------+-----
Unarmed Combat | 4 5 6 7 10 12 13 14 | 14.3
Fighting       | 3 4 5 6 |  6.0
Armour         | 1 2 3 4 5 |  5.0
Dodging        | 4 5 |  5.9
Invocations    | 3 6 8 |  8.0
Shields        | 4 5 |  5.3
Throwing       | |  2.0

Action                   |  1- 3 |  4- 6 |  7- 9 | 10-12 || total
-------------------------+-------+-------+-------+-------++-------
Melee: Unarmed           |   110 |   346 |   480 |   786 ||  1722
       Punch             |     1 |     5 |    16 |    16 ||    38
Throw: Throwing net      |       |       |     5 |     1 ||     6
       Stone             |       |       |     1 |       ||     1
       Boomerang         |       |       |       |     2 ||     2
Invok: Lesser Servant of |       |       |       |     3 ||     3
Evoke: Wand              |       |       |     1 |       ||     1
  Use: Scroll            |       |     6 |     1 |       ||     7
       Potion            |       |       |     2 |     4 ||     6
 Stab: Held in net/web   |       |       |     4 |       ||     4
  Eat: Chunk             |     2 |     9 |    22 |    36 ||    69
       Ration            |       |       |       |     1 ||     1
Armor: Leather armour    |    29 |    24 |       |       ||    53
       Chain mail        |       |   195 |   226 |   359 ||   780
       Skin              |       |       |     2 |     1 ||     3
Dodge: Dodged            |    67 |   178 |   216 |   260 ||   721
Block: Buckler           |       |       |       |   158 ||   158

Table legend:
 A = Non-vault XP
 B = Vault XP
 C = Vault XP percentage of total XP
 D = Non-vault monster count
 E = Vault monster count
 F = Vault count percentage of total count
                 A         B        C        D         E       F
            +---------+---------+-------+---------+---------+-------
      Total |   13040 |    8416 |  39.2 |     238 |      85 |  26.3
            +---------+---------+-------+---------+---------+-------
        D:1 |      34 |       0 |   0.0 |      17 |       0 |   0.0
        D:2 |      70 |      42 |  37.5 |      19 |      13 |  40.6
        D:3 |     128 |      72 |  36.0 |      25 |       2 |   7.4
        D:4 |     303 |       0 |   0.0 |      22 |       0 |   0.0
        D:5 |     449 |       0 |   0.0 |      14 |       0 |   0.0
        D:6 |     823 |       0 |   0.0 |      16 |       0 |   0.0
        D:7 |     996 |     227 |  18.6 |      27 |       2 |   6.9
        D:8 |    1298 |     928 |  41.7 |      20 |       2 |   9.1
        D:9 |    1805 |    1405 |  43.8 |      18 |      35 |  66.0
       D:10 |    4248 |    4397 |  50.9 |      32 |      21 |  39.6
       D:11 |    2886 |    1345 |  31.8 |      28 |      10 |  26.3
            +---------+---------+-------+---------+---------+-------
